 Dungeon Crawl Stone Soup version 0.24-a0-789-g35933f4585 (webtiles) character file.

Game seed: 15371551854997564942, levelgen mode: deterministic

217 Conn the Sneak (level 5, -1/51 HPs)
             Began as an Octopode Conjurer on Oct 10, 2019.
             Slain by a worm (6 damage)
             ... on level 4 of the Dungeon.
             The game lasted 00:06:25 (2442 turns).

Conn the Sneak (Octopode Conjurer)                  Turns: 2442, Time: 00:06:25

Health: -1/51      AC: 22    Str: 11 (12) XL:     5   Next: 94%
Magic:  2/9        EV:  2    Int: 16 (18) God:
Gold:   47         SH:  0    Dex: 11 (13) Spells: 3/9 levels left

rFire    . . .     SeeInvis .   d - +0 dagger
rCold    . . .     Gourm    .   (no shield)
rNeg     + + +     Faith    .   (helmet currently unavailable)
rPois    +         Spirit   .   (no amulet)
rElec    .         Reflect  .   (no ring)
rCorr    .         Harm     .   (no ring)
MR       .....     NoTele   +   (no ring)
Stlth    +++.......             (no ring)
HPRegen  0.17/turn              (no ring)
MPRegen  0.11/turn              (no ring)
                                (no ring)
                                (no ring)

@: mighty, lethally poisoned (-1 -> -4), tree-form
A: almost no armour, stealthy swim, (amphibious), 8 rings, (constrict 8)
a: no special abilities


You were on level 4 of the Dungeon.
You were not hungry.
You were a tree.
You visited 1 branch of the dungeon, and saw 3 of its levels.

You collected 47 gold pieces.

Inventory:

Hand Weapons
 d - a +0 dagger (weapon)
Missiles
 k - 10 poisoned darts (quivered)
Scrolls
 a - a scroll of blinking {unknown}
 e - a scroll of enchant armour {unknown}
 f - a scroll of remove curse {unknown}
 g - a scroll of magic mapping {unknown}
 h - 2 scrolls of identify {unknown}
 i - a scroll of amnesia {unknown}
 l - a scroll of fog {unknown}
 n - a scroll of enchant weapon {unknown}
Potions
 c - a potion of might
Comestibles
 b - 4 rations


   Skills:
 + Level 1.6 Fighting
 + Level 1.4 Short Blades
 + Level 0.1 Throwing
 + Level 2.7 Dodging
 + Level 4.9 Stealth
 + Level 2.7 Spellcasting
 + Level 4.8 Conjurations


You had 3 spell levels left.
You knew the following spells:

 Your Spells              Type           Power        Failure   Level  Hunger
a - Magic Dart            Conj           ###.         2%          1    #......
b - Searing Ray           Conj           ###...       4%          2    ##.....
c - Dazzling Spray        Conj/Hex       #.....       22%         3    ###....

Your spell library contained the following spells:

 Spells                   Type           Power        Failure   Level  Hunger
 Iskenderun's Mystic Bla  Conj           ###.....     26%         4    #####..
 Force Lance              Conj/Tloc      #.......     56%         4    #####..
 Fulminant Prism          Conj/Hex       #.........   56%         4    #####..


Dungeon Overview and Level Annotations

Branches:
Dungeon (2/15)

Altars:
Qazlal
Wu Jian
Yredelemnul

Annotations:
D:2 Sigmund


Innate Abilities, Weirdness & Mutations

You cannot wear most types of armour.
You are very stealthy in the water. (Stealth+)
((You are amphibious.))
You can wear up to eight rings at the same time.
((You can use your tentacles to constrict eight enemies at once.))
((Your skin changes colour to match your surroundings (Stealth+).))
((Your rubbery body absorbs attacks. (AC +1, EV +1)))


Message History

You are poisoned.
The worker ant poisons you! The worker ant barely misses you.
You hit the worker ant.
The worker ant is severely wounded.
* * * LOW HITPOINT WARNING * * *
You feel sick. The worker ant completely misses you.
You barely miss the worker ant.
The worker ant is severely wounded.
* * * LOW HITPOINT WARNING * * *
You feel sick.
The worker ant bites you but does no damage.
You hit the worker ant.
You kill the worker ant!
You feel your strength returning.
You start resting.
You feel sick.
The worm is too close now for your liking.
You puncture the worm!
The worm is heavily wounded.
The worm bites you.
You die...

........# ........##.
.......<##.## ##..# ..
..###....#...## #...#...
..######## ....# #(!.#a.
....# .... ##..Z.w ....#
#..##....# ....######
#...#..Z.#
#........#..##..♣#....####..
..######.#.......w..........
...# #.###########.######
...# #.............# ...#
############### ...# ...#
#.## ###


You could see a worm.

Vanquished Creatures
  A bullfrog skeleton (D:4)
  A centaur skeleton (D:4)
  An iguana (D:4)
  2 worker ants (D:4)
  4 adders (D:4)
  An ooze (D:2)
  An adder zombie (D:4)
  A worm (D:4)
  4 dart slugs (D:1)
  2 leopard geckos
  4 goblins
  2 hobgoblins (D:1)
  3 jackals (D:4)
  A ball python (D:2)
  4 bats
  2 frilled lizards
  4 kobolds
  7 rats
45 creatures vanquished.

Notes
Turn   | Place    | Note
-------+----------+-------------------------------------------
     0 | D:1      | Conn the Octopode Conjurer began the quest for the Orb.
     0 | D:1      | Reached XP level 1. HP: 11/11 MP: 3/3
   257 | D:1      | Reached XP level 2. HP: 16/17 MP: 5/5
   831 | D:1      | Reached XP level 3. HP: 17/21 MP: 6/6
   835 | D:1      | Learned a level 2 spell: Searing Ray
   966 | D:2      | Noticed Sigmund
  1113 | D:1      | Learned a level 3 spell: Dazzling Spray
  1591 | D:2      | Found an ornate altar of the Wu Jian Council.
  1756 | D:2      | Found a basalt altar of Yredelemnul.
  1803 | D:2      | You fall into a shaft and drop 2 floors!
  1808 | D:4      | Reached XP level 4. HP: 6/27 MP: 5/7
  2018 | D:4      | Found a stormy altar of Qazlal.
  2033 | D:4      | Reached skill level 1 in Short Blades
  2105 | D:4      | Reached XP level 5. HP: 9/32 MP: 0/8
  2356 | D:4      | Reached skill level 1 in Fighting
  2442 | D:4      | Slain by a worm

Levels and vault maps discovered:
D:1:      dpeg_arrival_short_road, layout_basic, moated_statue
D:2:      layout_loops_ring, lemuel_coloured_pillars_altar, old_standard_altar,
          minmay_tetromino_i4, uniq_sigmund
D:4:      minmay_recursive_quarters, layout_gridville,
          nicolae_qazlal_general_emergency, grunt_temple_overflow_open,
          serial_rivers, chequers_serial_rivers_micro_d,
          chequers_serial_rivers_small_a, chequers_serial_rivers_micro_b,
          chequers_serial_rivers_micro_a

Skill      XL: |  1  2  3  4  5 |
---------------+----------------+-----
Stealth        | 3 4 |  4.9
Short Blades   | 1 |  1.4
Fighting       | 1 |  1.6
Throwing       | |  0.1
Dodging        | |  2.7
Spellcasting   | |  2.7
Conjurations   | |  4.8

Action                   |  1- 3 |  4- 6 || total
-------------------------+-------+-------++-------
Melee: Dagger            |    45 |    31 ||    76
       Constrict         |    11 |     7 ||    18
       Tentacles         |     5 |     3 ||     8
Throw: Dart              |       |     2 ||     2
 Cast: Magic Dart        |    22 |    21 ||    43
       Searing Ray       |       |     3 ||     3
  Use: Potion            |     1 |     7 ||     8
 Stab: Sleeping          |    11 |     2 ||    13
  Eat: Chunk             |     3 |     2 ||     5
Armor: Skin              |     4 |    16 ||    20
Dodge: Dodged            |    34 |    16 ||    50

Table legend:
 A = Non-vault XP
 B = Vault XP
 C = Vault XP percentage of total XP
 D = Non-vault monster count
 E = Vault monster count
 F = Vault count percentage of total count
                 A         B        C        D         E       F
            +---------+---------+-------+---------+---------+-------
      Total |     185 |     126 |  40.5 |      40 |       5 |  11.1
            +---------+---------+-------+---------+---------+-------
        D:1 |      34 |       0 |   0.0 |      17 |       0 |   0.0
        D:2 |      24 |       0 |   0.0 |      12 |       0 |   0.0
        D:4 |     127 |     126 |  49.8 |      11 |       5 |  31.2
            +---------+---------+-------+---------+---------+-------
